BSA
CHICAGO MACHINE @ SPRINGFIELD STARS
06/05/2024
 
TOP OF THE 1ST
Chicago Machine batting - Pitching for Springfield Stars : LHP Joaquín Gonzáles
Pitching: LHP Joaquín Gonzáles
Batting: LHB Francisco Vega 0-0: Ground out 5-3 (Groundball, 56)
Batting: SHB Joaquín López 0-0: Ball
1-0: Ball
2-0: Foul Ball, location: 2F
2-1: Ball
3-1: SINGLE (Groundball, 56D)
Batting: LHB Eric Wheeler 0-0: Called Strike
0-1: Ball
1-1: Ball
2-1: Swinging Strike
2-2: Ball
3-2: Foul Ball, location: 2F
3-2: Foul Ball, location: 2F
3-2: Grounds into double play, 4-6-3 (Groundball, 4)
Top of the 1st over - 0 run(s), 1 hit(s), 0 error(s), 0 left on base; Chicago 0 - Springfield 0
BOTTOM OF THE 1ST
Springfield Stars batting - Pitching for Chicago Machine : RHP Chris Spencer
Pitching: RHP Chris Spencer
Batting: RHB Juan Rodríguez 0-0: Foul Ball, location: 2F
0-1: Ball
1-1: Ball
2-1: Foul Ball, location: 2F
2-2: Strikes out swinging
Batting: LHB Felipe Guerrero 0-0: Foul Ball, location: 2F
0-1: Swinging Strike
0-2: Strikes out swinging
Batting: RHB Calvin Bennett 0-0: Called Strike
0-1: Swinging Strike
0-2: Ball
1-2: Fly out, F3 (Popup, 3SF)
Bottom of the 1st over - 0 run(s), 0 hit(s), 0 error(s), 0 left on base; Chicago 0 - Springfield 0
TOP OF THE 2ND
Chicago Machine batting - Pitching for Springfield Stars : LHP Joaquín Gonzáles
Batting: RHB Roberto Cardona 0-0: Ball
1-0: Ground out 6-3 (Groundball, 6)
Batting: LHB Marcos Vargas 0-0: Called Strike
0-1: Foul Ball, location: 2F
0-2: Fly out, F8 (Flyball, 89XD)
Batting: RHB Fabrice Brodeur 0-0: Foul Ball, location: 2F
0-1: Swinging Strike
0-2: Strikes out looking
Top of the 2nd over - 0 run(s), 0 hit(s), 0 error(s), 0 left on base; Chicago 0 - Springfield 0
BOTTOM OF THE 2ND
Springfield Stars batting - Pitching for Chicago Machine : RHP Chris Spencer
Batting: LHB Derek Davidson 0-0: Ball
1-0: Called Strike
1-1: SINGLE (Groundball, 34D)
Batting: LHB César Valentín 0-0: Ball
1-0: SINGLE (Groundball, 5D)
Derek Davidson to second
Batting: LHB Ryan Drake 0-0: Swinging Strike
0-1: Ball
1-1: Fly out, F9 (Flyball, 9LM)
Batting: RHB Will Sterling 0-0: Called Strike
0-1: Ball
1-1: Foul Ball, location: 2F
1-2: Foul Ball, location: 2F
1-2: Foul Ball, location: 2F
Single, Error in OF, E9, batter to second base
Derek Davidson scores
César Valentín to third
Batting: RHB José Pinto 0-0: DOUBLE (Flyball, 9LM)
César Valentín scores
Will Sterling scores
Batting: LHB Jesús Tobías 0-0: Ball
1-0: Called Strike
1-1: Called Strike
1-2: Strikes out swinging
Batting: RHB Juan Rodríguez 0-0: Foul Ball, location: 2F
0-1: Ball
1-1: Fly out, F7 (Flyball, 78M)
Bottom of the 2nd over - 3 run(s), 4 hit(s), 1 error(s), 1 left on base; Chicago 0 - Springfield 3
TOP OF THE 3RD
Chicago Machine batting - Pitching for Springfield Stars : LHP Joaquín Gonzáles
Batting: RHB Derek Ramsey 0-0: Ball
1-0: Ball
2-0: Fly out, F8 (Flyball, 8LS)
Batting: RHB Arturo García 0-0: Ball
1-0: Ball
2-0: Ball
3-0: Base on Balls
Batting: RHB Rick Ayliffe 0-0: Called Strike
0-1: Grounds into double play, 5-4-3 (Groundball, 56)
Top of the 3rd over - 0 run(s), 0 hit(s), 0 error(s), 0 left on base; Chicago 0 - Springfield 3
BOTTOM OF THE 3RD
Springfield Stars batting - Pitching for Chicago Machine : RHP Chris Spencer
Batting: LHB Felipe Guerrero 0-0: Ground out 3-1 (Groundball, 34S)
Batting: RHB Calvin Bennett 0-0: Ball
1-0: Swinging Strike
1-1: Ball
2-1: Foul Ball, location: 2F
2-2: Strikes out swinging
Batting: LHB Derek Davidson 0-0: Called Strike
0-1: Foul Ball, location: 2F
0-2: Ball
1-2: Fly out, F4 (Popup, 34)
Bottom of the 3rd over - 0 run(s), 0 hit(s), 0 error(s), 0 left on base; Chicago 0 - Springfield 3
TOP OF THE 4TH
Chicago Machine batting - Pitching for Springfield Stars : LHP Joaquín Gonzáles
Batting: LHB Francisco Vega 0-0: Called Strike
0-1: Ball
1-1: Ball
2-1: Ball
3-1: Called Strike
3-2: Base on Balls
Batting: SHB Joaquín López 0-0: Foul Ball, location: 2F
0-1: Foul Ball, location: 2F
0-2: Ball
1-2: Strikes out swinging
Batting: LHB Eric Wheeler 0-0: Ball
1-0: Foul Ball, location: 2F
1-1: Ball
2-1: Foul Ball, location: 2F
2-2: 2-RUN HOME RUN (Flyball, 89XD), Distance : 430 ft
Batting: RHB Roberto Cardona 0-0: Called Strike
0-1: Ball
1-1: Foul Ball, location: 2F
1-2: Ground out 6-3 (Groundball, 6M)
Batting: LHB Marcos Vargas 0-0: Ground out 4-3 (Groundball, 4S)
Top of the 4th over - 2 run(s), 1 hit(s), 0 error(s), 0 left on base; Chicago 2 - Springfield 3
BOTTOM OF THE 4TH
Springfield Stars batting - Pitching for Chicago Machine : RHP Chris Spencer
Batting: LHB César Valentín 0-0: Foul Ball, location: 2F
0-1: Ball
1-1: Foul Ball, location: 2F
1-2: Foul Ball, location: 2F
1-2: SINGLE (Line Drive, 4D)
Batting: LHB Ryan Drake 0-0: Fly out, F8 (Line Drive, 8LS)
Batting: RHB Will Sterling 0-0: Called Strike
0-1: Foul Ball, location: 2F
0-2: Foul Ball, location: 2F
0-2: Fly out, F9 (Flyball, 89M)
Batting: RHB José Pinto 0-0: Ball
1-0: Called Strike
1-1: Fly out, F9 (Flyball, 9LM)
Bottom of the 4th over - 0 run(s), 1 hit(s), 0 error(s), 1 left on base; Chicago 2 - Springfield 3
TOP OF THE 5TH
Chicago Machine batting - Pitching for Springfield Stars : LHP Joaquín Gonzáles
Batting: RHB Fabrice Brodeur 0-0: Foul Ball, location: 2F
0-1: SINGLE (Groundball, 25) (infield hit)
Batting: RHB Derek Ramsey 0-0: Called Strike
0-1: Fly out, F9 (Line Drive, 9M)
0-1: Fly out, F9 (Line Drive, 9M)
Batting: RHB Arturo García 0-0: Called Strike
0-1: SINGLE (Line Drive, 78S)
Fabrice Brodeur to second
Batting: RHB Rick Ayliffe 0-0: Swinging Strike
0-1: Swinging Strike
0-2: Ball
1-2: Ball
2-2: Fly out, F8 (Flyball, 78D)
Batting: LHB Francisco Vega 0-0: Called Strike
0-1: Ball
1-1: Ball
2-1: Ball
3-1: Base on Balls
Fabrice Brodeur to third
Arturo García to second
Batting: SHB Joaquín López 0-0: Fly out, F7 (Flyball, 7D)
Top of the 5th over - 0 run(s), 2 hit(s), 0 error(s), 3 left on base; Chicago 2 - Springfield 3
BOTTOM OF THE 5TH
Springfield Stars batting - Pitching for Chicago Machine : RHP Chris Spencer
Batting: LHB Jesús Tobías 0-0: Foul Ball, location: 2F
0-1: Ball
1-1: Called Strike
1-2: Ball
2-2: Strikes out swinging
Batting: RHB Juan Rodríguez 0-0: Ball
1-0: Ball
2-0: Ground out 5-3 (Groundball, 5L)
Batting: LHB Felipe Guerrero 0-0: Ball
1-0: Fly out, F7 (Flyball, 7LM)
Bottom of the 5th over - 0 run(s), 0 hit(s), 0 error(s), 0 left on base; Chicago 2 - Springfield 3
TOP OF THE 6TH
Chicago Machine batting - Pitching for Springfield Stars : LHP Joaquín Gonzáles
Batting: LHB Eric Wheeler 0-0: Ball
1-0: Ball
2-0: Foul Ball, location: 2F
2-1: Ball
3-1: Ground out 4-3 (Groundball, 4M)
Batting: RHB Roberto Cardona 0-0: Foul Ball, location: 2F
0-1: Ball
1-1: Ball
2-1: Foul Ball, location: 2F
2-2: DOUBLE (Line Drive, 7LM)
Batting: LHB Marcos Vargas 0-0: Called Strike
Roberto Cardona steals 3rd base
0-1: Ball
1-1: Ball
2-1: Swinging Strike
2-2: Ground out 4-3 (Groundball, 4)
Roberto Cardona scores
Batting: RHB Fabrice Brodeur 0-0: Ball
1-0: Ball
2-0: Ball
3-0: Called Strike
3-1: Base on Balls
Batting: RHB Derek Ramsey 0-0: Ground out U3 (Groundball, 3)
Top of the 6th over - 1 run(s), 1 hit(s), 0 error(s), 1 left on base; Chicago 3 - Springfield 3
BOTTOM OF THE 6TH
Springfield Stars batting - Pitching for Chicago Machine : RHP Chris Spencer
Batting: RHB Calvin Bennett 0-0: Ball
1-0: Foul Ball, location: 2F
1-1: Ball
2-1: Ball
3-1: SOLO HOME RUN (Flyball, 8LXD) (Inside the Park)
Batting: LHB Derek Davidson 0-0: Ball
1-0: Ball
2-0: Swinging Strike
2-1: Foul Ball, location: 2F
2-2: Ball
3-2: Foul Ball, location: 2F
3-2: Foul Ball, location: 2F
3-2: Ground out 1-3 (Groundball, 13)
Batting: LHB César Valentín 0-0: Called Strike
0-1: Ball
1-1: Swinging Strike
1-2: Fly out, F5 (Popup, 5DF)
Batting: LHB Ryan Drake 0-0: Ball
1-0: Ball
2-0: Fly out, F9 (Flyball, 89S)
Bottom of the 6th over - 1 run(s), 1 hit(s), 0 error(s), 0 left on base; Chicago 3 - Springfield 4
TOP OF THE 7TH
Chicago Machine batting - Pitching for Springfield Stars : LHP Joaquín Gonzáles
Batting: RHB Arturo García 0-0: Foul Ball, location: 2F
0-1: Foul Ball, location: 2F
0-2: Ball
1-2: Fly out, F7 (Flyball, 7M)
Batting: RHB Rick Ayliffe 0-0: Ball
1-0: Fly out, F7 (Flyball, 78M)
Batting: LHB Francisco Vega 0-0: Ball
1-0: Ball
2-0: Ball
3-0: Called Strike
3-1: Foul Ball, location: 2F
3-2: Foul Ball, location: 2F
3-2: Ground out 1-3 (Groundball, 23)
Top of the 7th over - 0 run(s), 0 hit(s), 0 error(s), 0 left on base; Chicago 3 - Springfield 4
BOTTOM OF THE 7TH
Springfield Stars batting - Pitching for Chicago Machine : RHP Chris Spencer
Batting: RHB Will Sterling 0-0: Fly out, F7 (Flyball, 78S)
Batting: RHB José Pinto 0-0: Called Strike
0-1: Swinging Strike
0-2: Ground out 5-3 (Groundball, 56S)
Batting: LHB Jesús Tobías 0-0: Ball
1-0: Called Strike
1-1: Swinging Strike
1-2: Strikes out swinging
Bottom of the 7th over - 0 run(s), 0 hit(s), 0 error(s), 0 left on base; Chicago 3 - Springfield 4
TOP OF THE 8TH
Chicago Machine batting - Pitching for Springfield Stars : LHP Joaquín Gonzáles
Pitching: RHP Ramón Vélez
Now at SS: David García
Batting: SHB Joaquín López 0-0: Foul Ball, location: 2F
0-1: Foul Ball, location: 2F
0-2: Ball
1-2: Strikes out swinging
Pitching: LHP Glenn Tutt
Batting: LHB Eric Wheeler 0-0: Ball
1-0: Ground out 6-3 (Groundball, 6M)
Pitching: RHP Dae-hee Ch'oe
Batting: RHB Roberto Cardona 0-0: Called Strike
0-1: Ball
1-1: Ground out 6-3 (Groundball, 56)
Top of the 8th over - 0 run(s), 0 hit(s), 0 error(s), 0 left on base; Chicago 3 - Springfield 4
BOTTOM OF THE 8TH
Springfield Stars batting - Pitching for Chicago Machine : RHP Chris Spencer
Pitching: RHP César Menéndez
Batting: RHB Juan Rodríguez 0-0: Ball
1-0: Fly out, F8 (Flyball, 8RM)
Batting: LHB Felipe Guerrero 0-0: Called Strike
0-1: Ball
1-1: Ball
2-1: Swinging Strike
2-2: Ball
3-2: Base on Balls
Batting: RHB Calvin Bennett 0-0: Ball
1-0: Ball
2-0: Called Strike
2-1: Grounds into double play, 5-4-3 (Groundball, 5)
Bottom of the 8th over - 0 run(s), 0 hit(s), 0 error(s), 0 left on base; Chicago 3 - Springfield 4
TOP OF THE 9TH
Chicago Machine batting - Pitching for Springfield Stars : RHP Dae-hee Ch'oe
Pitching: LHP Enrique Muñóz
Now in LF: Eduardo Alomar
Batting: LHB Marcos Vargas 0-0: Ball
1-0: Foul Ball, location: 2F
1-1: Called Strike
1-2: Foul Ball, location: 2F
1-2: Fly out, F7 (Flyball, 7M)
Batting: RHB Fabrice Brodeur 0-0: Called Strike
0-1: Ball
1-1: Ball
2-1: SINGLE (Line Drive, 34)
Batting: RHB Derek Ramsey 0-0: Called Strike
0-1: Ball
1-1: DOUBLE (Line Drive, 7LD)
Fabrice Brodeur to third
Batting: RHB Arturo García 0-0: Ball
1-0: Ball
2-0: Swinging Strike
2-1: Ball
3-1: Foul Ball, location: 2F
3-2: Strikes out swinging
Batting: RHB Rick Ayliffe 0-0: Called Strike
0-1: Swinging Strike
0-2: Strikes out swinging
Top of the 9th over - 0 run(s), 2 hit(s), 0 error(s), 2 left on base; Chicago 3 - Springfield 4
This league is powered by Out of the Park Baseball, the baseball management simulation game for PC, Mac and Linux
Saturday, April 9th, 2016 - OOTP Baseball 16.8 Build 38